 Dungeon Crawl Stone Soup version 0.27.1-34-g3ba077fa99 (webtiles) character file.

Game seed: 3043952368439156454

7093 sankara the Transmogrifier (level 10, -8/126 HPs)
             Began as a Yellow Draconian Transmuter on Jan 28, 2022.
             Was a Priest of Wu Jian.
             Mangled by a freezing wraith (16 damage)
             ... led by a death knight
             ... on level 9 of the Dungeon.
             The game lasted 00:23:06 (11904 turns).

sankara the Transmogrifier (DrTm)                  Turns: 11904, Time: 00:23:06

Health: -8/126     AC: 29    Str: 13    XL:     10   Next: 84%
Magic:  11/13      EV:  2    Int: 15    God:    Wu Jian [***...]
Gold:   456        SH:  0    Dex: 13    Spells: 3/13 levels left

rFire    . . .     SeeInvis .     - Unarmed
rCold    . . .     Faith    +   (no shield)
rNeg     + + +     Spirit   .   (armour unavailable)
rPois    +         Reflect  .   (helmet currently unavailable)
rElec    .         Harm     .   (cloak currently unavailable)
rCorr    .         Rampage  .   (gloves currently unavailable)
Will     .....     NoTele   +   (boots currently unavailable)
Stlth    +.........             f - amulet of faith
HPRegen  0.31/turn              l - +4 ring of evasion
MPRegen  0.13/turn              D - +4 ring of protection

@: exhausted, tree-form
A: stationary, stasis, torment immunity, boosted hp, (spit acid), AC +7,
unfitting armour, (cold-blooded), (acid resistance)
a: Renounce Religion, Wall Jump, Serpent's Lash


You were on level 9 of the Dungeon.
You worshipped Wu Jian.
Wu Jian was most pleased with you.
You were a tree.
You visited 2 branches of the dungeon, and saw 10 of its levels.

You collected 456 gold pieces.

Inventory:

Missiles
 a - 196 stones
 b - 11 curare-tipped darts
 e - 74 poisoned darts
 r - 16 boomerangs of dispersal
 v - 15 sling bullets
Armour
 s - a +1 pair of boots (melded)
 C - a +0 cloak (melded)
Magical Staves
 d - a staff of air
Jewellery
 f - an amulet of faith (around neck)
 l - a +4 ring of evasion (left branch)
 q - an amulet of the acrobat
 t - a +6 ring of dexterity
 w - a ring of willpower
 x - a ring of see invisible
 D - a +4 ring of protection (right branch)
Wands
 o - a wand of flame (33)
 p - a wand of charming (3)
 y - a wand of digging (2)
 z - a wand of polymorph (8)
 A - a wand of paralysis (7)
Scrolls
 c - a scroll of teleportation
 j - 3 scrolls of noise
 k - 3 scrolls of magic mapping
 m - 2 scrolls of enchant weapon
 u - a scroll of identify
 B - a scroll of enchant armour
 F - a scroll of immolation {unknown}
 H - a scroll of fog
Potions
 g - 4 potions of curing
 h - a potion of haste
 i - a potion of resistance
 n - a potion of mutation


   Skills:
 + Level 6.5 Fighting
 - Level 5.0 Dodging
 + Level 9.6 Unarmed Combat
 - Level 2.0 Spellcasting
 + Level 10.5 Transmutations
 - Level 4.0 Ice Magic
 - Level 3.0 Poison Magic


You had 3 spell levels left.
You knew the following spells:

 Your Spells              Type           Power      Damage    Failure   Level
a - Beastly Appendage     Tmut           66%        N/A       1%          1
b - Wereblood             Tmut           33%        N/A       1%          2
c - Spider Form           Tmut/Pois      10%        N/A       4%          3
e - Ice Form              Ice/Tmut       23%        N/A       11%         4

Your spell library contained the following spells:

 Spells                   Type           Power      Damage    Failure   Level
 Apportation              Tloc           2%         N/A       22%         1
 Summon Small Mammal      Summ           4%         N/A       22%         1
 Call Canine Familiar     Summ           1%         N/A       54%         3
 Summon Guardian Golem    Hex/Summ       1%         N/A       54%         3
 Petrify                  Tmut/Erth      17%        N/A       26%         4
 Dispersal                Tloc           0%         N/A       100%        6


Dungeon Overview and Level Annotations

Branches:
Dungeon (9/15)             Temple (1/1) D:6
   Lair: D:8-11         Orc: D:9-12

Altars:
Ashenzari
Cheibriados
Dithmenos
Elyvilon
Fedhas
Gozag
Hepliaklqana
Kikubaaqudgha
Makhleb
Nemelex Xobeh
Okawaru
Qazlal
Ru
Trog
Uskayaw
Vehumet
Wu Jian
Xom
Yredelemnul
Zin
The Shining One

Shops:
D:5 *   D:8 (*


Innate Abilities, Weirdness & Mutations

You are a tree.
Your roots penetrate the ground, keeping you stationary.
You cannot be teleported.
You are immune to unholy pain and torment.
Your maximum health is greatly increased.
Your equipment is partially melded.
((You can spit globs of acid.))
((Your golden yellow scales are hard. (AC +7)))
You cannot fit into any form of body armour.
((You are cold-blooded and may be slowed by cold attacks.))
((You are resistant to acid. (rCorr)))


Message History

You smack the death knight!
You kill the death knight!
The Council accepts your kill.
Your damage is reflected back at you!
* * * LOW HITPOINT WARNING * * *
Training target 5.0 for Dodging reached!
Your Fighting skill increases to level 6!
Your Dodging skill increases to level 5!
You feel better. The wraith hits you but does no damage.
Unknown command.
You pummel the wraith!!
The wraith is heavily damaged.
The wraith hits you but does no damage.
You hit the wraith.
The wraith is heavily damaged.
You smack the wraith!
The wraith is almost destroyed.
The wraith hits you.
* * * LOW HITPOINT WARNING * * *
You smack the wraith!
You destroy the wraith!
The Council accepts your kill.
You can now briefly move at supernatural speeds.
It was a potion of flight.
Your roots keep you in place.
You smack the freezing wraith!
The freezing wraith is moderately damaged.
The freezing wraith hits you but does no damage. x2
You barely miss the freezing wraith.
The freezing wraith is moderately damaged.
The howler monkey zombie hits you but does no damage.
The freezing wraith hits you but does no damage. x2
You smack the freezing wraith!
The freezing wraith is heavily damaged.
The howler monkey zombie hits you but does no damage.
You hit the freezing wraith but do no damage.
The freezing wraith is heavily damaged.
The freezing wraith hits you.
* * * LOW HITPOINT WARNING * * *
The freezing wraith freezes you!
You die...

...........#.#
############.#####
............#####
#######.###.#...#
#.# #.#...#
####.###.#...#
.......#.#...#
####...#W#...####
........♣ZW...!..
.........#...####
##########.#.# .#
# .# W# .# .#


You could see 2 freezing wraiths and a howler monkey zombie.

Vanquished Creatures
  A death knight (D:9)
  The ghost of alasdair19 the Carver, a novice MiFi of Okawaru (D:7)
  Maggie (D:6)
  A freezing wraith (D:9)
  Sigmund (D:6)
  A wraith (D:9)
  A wyvern (D:7)
  A steam dragon (D:8)
  Edmund (D:6)
  An acid dragon (D:8)
  Duvessa (D:7)
  A black bear (D:6)
  A hornet zombie (D:6)
  2 sky beasts (D:5)
  3 orc warriors (D:6)
  A necrophage (D:5)
  2 ogres
  A phantom (D:4)
  3 centaurs
  Blork the orc (D:4)
  13 kobold brigands
  2 bullfrogs
  A wyvern zombie (D:7)
  A gnoll sergeant (D:8)
  Dowan (D:7)
  3 scorpions
  A water moccasin skeleton (D:5)
  7 killer bees
  6 wights
  2 howler monkeys (D:6)
  3 quasits (D:5)
  A centaur zombie (D:5)
  A jelly (D:5)
  A bullfrog zombie (D:7)
  2 hounds
  A centaur skeleton (D:7)
  3 orc priests (D:6)
  2 gnoll shamans
  Jessica (D:2)
  An iguana (D:6)
  6 orc wizards
  Natasha (thrice) (D:3)
  2 hound skeletons (D:5)
  15 gnolls
  7 adders
  A white imp (D:8)
  2 dart slugs (D:2)
  15 orcs
  5 endoplasms
  2 giant cockroaches
  5 goblins
  7 hobgoblins
  6 jackals
  21 kobolds
  4 quokkas
  9 ball pythons
  6 bats
  3 frilled lizards (D:1)
  5 rats
203 creatures vanquished.

Vanquished Creatures (others)
  An orc (D:8)
1 creature vanquished.

Grand Total: 204 creatures vanquished

Notes
Turn   | Place    | Note
-------+----------+-------------------------------------------
     0 | D:1      | sankara the Draconian Transmuter began the quest for the
                  | Orb.
     0 | D:1      | Reached XP level 1. HP: 16/16 MP: 3/3
   242 | D:1      | Reached XP level 2. HP: 21/23 MP: 3/5
   836 | D:1      | Found a faded altar of an unknown god.
  1143 | D:1      | Reached XP level 3. HP: 7/28 MP: 4/6
  1369 | D:1      | Learned a level 2 spell: Wereblood
  1373 | D:1      | Learned a level 3 spell: Spider Form
  1379 | D:1      | Reached skill level 3 in Transmutations
  2035 | D:2      | Reached XP level 4. HP: 32/35 MP: 0/7
  2573 | D:2      | Noticed Jessica
  2577 | D:2      | Killed Jessica
  2872 | D:3      | You fall into a shaft and drop 2 floors!
  2872 | D:5      | Entered Level 5 of the Dungeon
  2956 | D:5      | Reached skill level 4 in Transmutations
  2956 | D:5      | Reached skill level 1 in Poison Magic
  2956 | D:5      | Reached XP level 5. HP: 22/40 MP: 2/8
  3259 | D:5      | Found Woim's Neck Hole.
  3456 | D:5      | Noticed an ogre
  3465 | D:5      | Killed an ogre
  3466 | D:5      | Reached XP level 6. HP: 47/47 MP: 5/9
  3523 | D:5      | Noticed a sky beast
  3529 | D:5      | Killed a sky beast
  3694 | D:4      | You fall into a shaft and drop 3 floors!
  3710 | D:7      | Reached skill level 5 in Transmutations
  3746 | D:7      | Noticed a wyvern
  3759 | D:7      | Killed a wyvern
  3760 | D:7      | Reached skill level 5 in Unarmed Combat
  3760 | D:7      | Your scales start taking on a golden yellow colour.
  3760 | D:7      | Reached XP level 7. HP: 21/52 MP: 3/10
  3760 | D:7      | Gained mutation: You are resistant to acid. (rCorr) [Yellow
                  | Draconian growth]
  3959 | D:6      | Noticed Maggie
  3976 | D:6      | Killed Maggie
  3977 | D:6      | Reached skill level 6 in Transmutations
  4143 | D:6      | Reached skill level 7 in Transmutations
  4217 | D:6      | Noticed Sigmund
  4221 | D:6      | Reached XP level 8. HP: 47/59 MP: 8/11
  4228 | D:6      | Killed Sigmund
  4338 | D:6      | Reached skill level 8 in Transmutations
  4770 | D:6      | Noticed Edmund
  4799 | D:6      | Killed Edmund
  4800 | D:6      | Reached skill level 9 in Transmutations
  4872 | D:6      | Reached XP level 9. HP: 38/64 MP: 10/12
  5398 | D:6      | Found a staircase to the Ecumenical Temple.
  5411 | Temple   | Entered the Ecumenical Temple
  5431 | Temple   | Became a worshipper of the Wu Jian Council
  6002 | D:5      | Reached skill level 10 in Transmutations
  6091 | D:5      | Learned a level 4 spell: Ice Form
  6530 | D:3      | Noticed Natasha
  6535 | D:3      | Killed Natasha
  6589 | D:3      | Got the Tome of Translocation and the Mountains
  6767 | D:3      | Reached * piety under Wu Jian
  6786 | D:3      | Noticed Natasha
  6793 | D:3      | Killed Natasha
  6968 | D:3      | Noticed Natasha
  6977 | D:3      | Killed Natasha
  7153 | D:4      | Reached skill level 1 in Ice Magic
  7409 | D:4      | Noticed Blork the orc
  7414 | D:4      | Killed Blork the orc
  8594 | D:7      | Found a radiant altar of Vehumet.
  8594 | D:7      | Found an ancient bone altar of Kikubaaqudgha.
  8708 | D:7      | Found a snail-covered altar of Cheibriados.
  8710 | D:7      | Found a shimmering altar of Xom.
  8712 | D:7      | Found a sacrificial altar of Ru.
  8758 | D:7      | Found a runed translucent gate.
  8758 | D:7      | Found a runed translucent gate.
  8758 | D:7      | Found a runed translucent gate.
  8759 | D:7      | Noticed alasdair19's ghost (novice MiFi)
  8768 | D:7      | Noticed Duvessa
  8789 | D:7      | Killed Duvessa
  8804 | D:7      | Noticed Dowan
  8811 | D:7      | Killed Dowan
  8999 | D:7      | Reached ** piety under Wu Jian
  9258 | D:7      | Reached XP level 10. HP: 68/77 MP: 6/13
  9853 | D:7      | Killed alasdair19's ghost
  9885 | D:7      | Reached skill level 5 in Fighting
 10461 | D:8      | Found a hazy altar of Hepliaklqana.
 10686 | D:8      | Reached *** piety under Wu Jian
 11059 | D:8      | Found Jaturul's General Store.
 11281 | D:8      | Found Gyuqir's Antique Weapon Boutique.
 11879 | D:9      | Noticed a death knight
 11893 | D:9      | HP: 5/124 [mirror damage (8)]
 11894 | D:9      | Killed a death knight
 11894 | D:9      | HP: 1/124 [mirror damage (5)]
 11895 | D:9      | Reached skill level 5 in Dodging
 11904 | D:9      | Mangled by a freezing wraith

Illustrated notes

Levels and vault maps discovered:
D:1:      minmay_arrival_jagged, layout_basic,
          hellmonk_ecumenical_altar_leap_of_faith
D:2:      layout_loops_ring, uniq_jessica
D:3:      wander_river, layout_loops_ring, uniq_natasha
D:4:      layout_loops_cross, uniq_blork_the_orc
D:5:      cheibrodos_quashed, layout_loops_corners,
          nicolae_shop_sticking_my_neck_out
D:6:      layout_loops_corners, minmay_temple_entry_overgrown,
          minmay_hedge_maze, minmay_unpleasant_kobolds, uniq_maggie,
          uniq_sigmund, uniq_edmund
D:7:      layout_loops_ring, chequers_temple_overflow_minitemple,
          gammafunk_ghost_nasty_kobolds, uniq_duvessa
D:8:      layout_basic, mainiacjoe_overflow_paths, serial_shops, shop,
          nicolae_shop_stone
D:9:      layout_basic, nicolae_sif_muna_little_library,
          due_lair_maze_entry_diamond, gammafunk_ghost_cemetery
Temple:   nicolae_temple_no_exploring_needed

Skill      XL: |  1  2  3  4  5  6  7  8  9 10 |
---------------+-------------------------------+-----
Transmutations | 3 4 5 7 9 10 | 10.5
Unarmed Combat | 4 5 6 7 8 9 |  9.6
Poison Magic   | 1 2 3 |  3.0
Dodging        | 3 5 |  5.0
Ice Magic      | 3 4 |  4.0
Fighting       | 3 6 |  6.5
Spellcasting   | |  2.0

Action                   |  1- 3 |  4- 6 |  7- 9 | 10-12 || total
-------------------------+-------+-------+-------+-------++-------
Melee: Unarmed           |    99 |    71 |   376 |   181 ||   727
       Tailslap          |     9 |     1 |     1 |       ||    11
       Kick              |     9 |       |       |       ||     9
       Headbutt          |     5 |       |       |       ||     5
       Punch             |       |       |     1 |       ||     1
 Cast: Beastly Appendage |    16 |       |       |       ||    16
       Spider Form       |     7 |    17 |    47 |     4 ||    75
       Ice Form          |       |       |     9 |    12 ||    21
Invok: Lunge             |       |       |    15 |    11 ||    26
       Whirlwind         |       |       |       |     5 ||     5
       Serpent's Lash    |       |       |       |     1 ||     1
 Abil: Breathe Acid      |       |       |     3 |       ||     3
       End Transformatio |       |       |     2 |       ||     2
Evoke: Wand              |       |       |     1 |       ||     1
  Use: Scroll            |       |       |       |    12 ||    12
       Potion            |       |       |       |     4 ||     4
 Stab: Sleeping          |     1 |       |     3 |       ||     4
Armor: Skin              |    23 |     1 |    33 |    26 ||    83
Dodge: Dodged            |    58 |    59 |   306 |    94 ||   517
